 Dungeon Sprint DCSS version 0.21-a0-278-ga722497 (webtiles) character file.

148 Kidiri the Insei (level 5, -3/46 HPs)
             Began as a Draconian Transmuter on Sept 20, 2017.
             Was a Believer of Wu Jian.
             Slain by a fire bat (4 damage)
             ... in the Dungeon (Sprint VII: "The Pits").
             The game lasted 00:01:53 (380 turns).

Kidiri the Insei (Draconian Transmuter)              Turns: 380, Time: 00:01:54

Health: -3/46      AC:  2    Str: 12    XL:     5   Next: 8%
Magic:  7/12       EV: 23    Int: 13    God:    Wu Jian [**....]
Gold:   0          SH:  0    Dex: 18    Spells: 1/14 levels left

rFire    . . .     SeeInvis .     - Unarmed
rCold    . . .     Gourm    .   (shield currently unavailable)
rNeg     . . .     Faith    .   (armour unavailable)
rPois    x         Spirit   .   (helmet currently unavailable)
rElec    .         Reflect  .   (cloak currently unavailable)
rCorr    .         Harm     .   (gloves currently unavailable)
MR       .....     NoTele   +   (boots currently unavailable)
Stlth    ++........             (no amulet)
HPRegen  0.15/turn              (no ring)
MPRegen  0.13/turn              (no ring)

@: spider-form (expiring), very slightly contaminated
A: unfitting armour, AC +5
a: End Transformation, Renounce Religion


You were in the Dungeon.
You worshipped Wu Jian.
Wu Jian was pleased with you.
You were not hungry.
You were a venomous arachnid creature.
You visited 1 branch

Inventory:

Missiles
 a - 12 arrows
Scrolls
 i - a scroll of blinking
 k - 3 scrolls of remove curse
 l - 5 scrolls of amnesia
 m - a scroll of summoning
Potions
 d - 6 potions of curing
 e - 6 potions of heal wounds
 f - a potion of haste
 g - 4 potions of magic
 h - 3 potions of berserk rage
 j - 2 potions of invisibility
Books
 b - a book of Changes

   Spells                             Type                      Level
   a - Beastly Appendage              Transmutation                1
   b - Sticks to Snakes               Transmutation                2
   c - Spider Form                    Transmutation/Poison         3
   d - Ice Form                       Ice/Transmutation            4
   e - Blade Hands                    Transmutation                5
Comestibles
 c - 8 bread rations
 n - 40 fruits
 o - 7 meat rations
 p - 6 chunks of flesh


   Skills:
 + Level 3.7 Fighting
 * Level 5.0 Dodging
 * Level 6.0 Unarmed Combat
 * Level 5.1 Spellcasting
 + Level 3.9 Transmutations


You had one spell level left.
You knew the following spells:

 Your Spells              Type           Power        Failure   Level  Hunger
a - Beastly Appendage     Tmut           ##....       12%         1    None
b - Spider Form           Tmut/Pois      #.........   47%         3    ###....
c - Ice Form              Ice/Tmut       #.......     82%         4    ####...
d - Blade Hands           Tmut           ##........   87%         5    ######.


Dungeon Overview and Level Annotations

Branches:
Dungeon (1/1)

Altars:
Ashenzari
Cheibriados
Dithmenos
Elyvilon
Fedhas
Gozag
Hepliaklqana
Kikubaaqudgha
Makhleb
Nemelex Xobeh
Okawaru
Qazlal
Ru
Sif Muna
Trog
Uskayaw
Vehumet
Wu Jian
Xom
Yredelemnul
Zin
The Shining One
Beogh
Jiyva
Lugonu


Innate Abilities, Weirdness & Mutations

((Your plain brown scales are hard. (AC +5)))
You cannot fit into any form of body armour.
((You are cold-blooded and may be slowed by cold attacks.))


Message History

The orc priest mumbles some strange prayers to Beogh against you.
Beogh smites you!
You closely miss the fire bat. The fire bat bites you.
You are engulfed in flames!
The orc priest casts a cantrip, but nothing happens.
Unknown command.
The fire bat closely misses you. The fire bat barely misses you.
The orc priest invokes the aid of Beogh against you.
Beogh smites you!
* * * LOW HITPOINT WARNING * * *
Okay, then.
Unknown command.
Okay, then.
Unknown command.
The fire bat completely misses you.
The orc priest miscasts a cantrip.
The fire bat closely misses you. The fire bat bites you.
You die...

############
#_________.#
#_________.#
#_______...#######
##########+##.....
#.?(.+)))+.##.....
##########.##.....
#...........'.....
#s#####+#####.....
#b#...#.#[[##.....
#.#...#.#))#####+#
#g#...+.#))##.....
#.##+####))##.....
#z#.)...#..##.....
#.#..รท..#+###...<.
#g#........##.....
#o#........##.....


You could see a fire bat, a flying skull and 2 gnolls.

Vanquished Creatures
  A floating eye (D)
  A worker ant (D)
  An adder (D)
  A gnoll (D)
  A leopard gecko (D)
  A bat skeleton (D)
  A bat zombie (D)
  A frilled lizard (D)
  A rat (D)
9 creatures vanquished.

Notes
Turn   | Place    | Note
-------+----------+-------------------------------------------
     0 | D        | Kidiri the Draconian Transmuter began the quest for the Orb.
     0 | D        | Reached XP level 1. HP: 16/16 MP: 3/3
    25 | D        | Reached XP level 2. HP: 12/24 MP: 2/5
    54 | D        | Found a bloodstained altar of Trog.
    54 | D        | Found a deep blue altar of Sif Muna.
    54 | D        | Found a viscous altar of Jiyva.
    54 | D        | Found a hazy altar of Hepliaklqana.
    54 | D        | Found an opulent altar of Gozag.
    55 | D        | Found a glowing golden altar of the Shining One.
    55 | D        | Found a glowing silver altar of Zin.
    55 | D        | Found a basalt altar of Yredelemnul.
    55 | D        | Found a shimmering altar of Xom.
    55 | D        | Found an ornate altar of the Wu Jian Council.
    55 | D        | Found a sacrificial altar of Ru.
    55 | D        | Found a stormy altar of Qazlal.
    55 | D        | Found an iron altar of Okawaru.
    55 | D        | Found a sparkling altar of Nemelex Xobeh.
    55 | D        | Found a burning altar of Makhleb.
    55 | D        | Found a blossoming altar of Fedhas.
    55 | D        | Found a white marble altar of Elyvilon.
    55 | D        | Found a shadowy altar of Dithmenos.
    55 | D        | Found a snail-covered altar of Cheibriados.
    57 | D        | Found a radiant altar of Vehumet.
    57 | D        | Found a corrupted altar of Lugonu.
    57 | D        | Found a roughly hewn altar of Beogh.
    58 | D        | Found a hide-covered altar of Uskayaw.
    58 | D        | Found an ancient bone altar of Kikubaaqudgha.
    58 | D        | Found a shattered altar of Ashenzari.
    64 | D        | Became a worshipper of the Wu Jian Council
   248 | D        | Noticed a floating eye
   250 | D        | Paralysed by a floating eye for 2 turns
   253 | D        | Killed a floating eye
   253 | D        | Reached * piety under Wu Jian
   253 | D        | Reached skill level 5 in Unarmed Combat
   253 | D        | Reached XP level 3. HP: 31/31 MP: 6/9
   253 | D        | Reached XP level 4. HP: 38/38 MP: 6/10
   258 | D        | Learned a level 3 spell: Spider Form
   263 | D        | Learned a level 4 spell: Ice Form
   299 | D        | Reached ** piety under Wu Jian
   301 | D        | Reached skill level 5 in Dodging
   301 | D        | Reached skill level 6 in Unarmed Combat
   301 | D        | Reached skill level 5 in Spellcasting
   301 | D        | Reached XP level 5. HP: 46/46 MP: 9/12
   318 | D        | Learned a level 5 spell: Blade Hands
   368 | D        | Noticed a fire bat
   369 | D        | Noticed a flying skull
   377 | D        | HP: 1/46 [orc priest/divine providence (15)]
   380 | D        | Slain by a fire bat

Vault maps used:
D:        pitsprint

Skill      XL: |  1  2  3  4 |
---------------+-------------+-----
Dodging        | 2 4 5 |  5.0
Spellcasting   | 4 5 |  5.1
Fighting       | 3 |  3.7
Unarmed Combat | 5 6 |  6.0
Transmutations | 3 |  3.9

Action                   |  1- 3 |  4- 6 || total
-------------------------+-------+-------++-------
Melee: Unarmed           |    15 |    16 ||    31
       Tailslap          |     3 |       ||     3
       Headbutt          |     1 |       ||     1
       Kick              |     3 |       ||     3
 Cast: Beastly Appendage |     3 |       ||     3
       Spider Form       |       |     2 ||     2
 Stab: Sleeping          |     2 |       ||     2
Armor: Skin              |     4 |       ||     4
Dodge: Dodged            |     7 |    20 ||    27

Table legend:
 A = Spawn XP
 B = Non-spawn XP
 C = Spawn XP percentage of total XP
 D = Spawn monster count
 E = Non-spawn monster count
 F = Spawn count percentage of total count
 G = Total turns spent on level
                    A         B        C        D         E        F      G
               +---------+---------+-------+---------+---------+-------+---------
         Total |       0 |     212 |   0.0 |       0 |       9 |   0.0 |   380
               +---------+---------+-------+---------+---------+-------+---------
             D |       0 |     212 |   0.0 |       0 |       9 |   0.0 |   380
               +---------+---------+-------+---------+---------+-------+---------
